 Dungeon Crawl Stone Soup version 0.23.2-30-g0e89c35649 (webtiles) character file.

Game seed: 15165454434525215842

228 diana the Shield-Bearer (level 5, -7/47 HPs)
             Began as a Minotaur Fighter on June 14, 2019.
             Mangled by Sigmund
             ... wielding a +0 scythe
              (10 damage)
             ... on level 3 of the Dungeon.
             The game lasted 00:03:51 (2575 turns).

diana the Shield-Bearer (Minotaur Fighter)          Turns: 2575, Time: 00:03:51

Health: -7/47      AC:  7    Str: 27    XL:     5   Next: 71%
Magic:  4/4        EV:  9    Int:  5    God:
Gold:   207        SH: 10    Dex:  9    Spells: 4/4 levels left

rFire    . . .     SeeInvis .   a - +0 war axe
rCold    . . .     Gourm    +   c - +0 shield
rNeg     . . .     Faith    .   b - +0 scale mail
rPois    .         Spirit   .   (helmet restricted)
rElec    .         Reflect  .   (no cloak)
rCorr    .         Harm     .   (no gloves)
MR       .....                  (no boots)
Stlth    ..........             n - amulet of the gourmand (curse)
HPRegen  0.15/turn              (no ring)
MPRegen  0.09/turn              (no ring)

@: mighty
A: retaliatory headbutt, horns 2
a: no special abilities


You were on level 3 of the Dungeon.
You were not hungry.

You visited 1 branch of the dungeon, and saw 3 of its levels.

You collected 207 gold pieces.

Inventory:

Hand Weapons
 a - a +0 war axe (weapon)
Armour
 b - a +0 scale mail (worn)
 c - a +0 shield (worn)
Jewellery
 k - an uncursed amulet of rage
 n - a cursed amulet of the gourmand (around neck)
 s - a +5 amulet of reflection {unknown}
Wands
 t - a wand of acid (6)
Scrolls
 l - 2 scrolls of teleportation
 o - a scroll of fear {unknown}
 p - 3 scrolls of identify {unknown}
 q - a scroll of magic mapping {unknown}
 r - a scroll of enchant armour {unknown}
Potions
 d - a potion of might
 e - a potion of haste {unknown}
 g - a potion of mutation {unknown}
 h - a potion of curing {unknown}
 i - 2 potions of ambrosia {unknown}
 j - a potion of brilliance {unknown}
 m - 2 potions of heal wounds {unknown}
Comestibles
 f - 9 rations


   Skills:
 + Level 4.4 Fighting
 * Level 4.3 Axes
 + Level 4.4 Armour
 + Level 2.1 Dodging
 * Level 5.2 Shields


You had 4 spell levels left.
You didn't know any spells.
Your spell library was empty.

Dungeon Overview and Level Annotations

Branches:
Dungeon (3/15)

Altars:

Annotations:
D:3 2 transporters, Sigmund; grocchini's ghost, amateur FeNe


Innate Abilities, Weirdness & Mutations

You reflexively headbutt those who attack you in melee.
You have a pair of horns on your head.


Message History

Found an escape hatch in the floor.
You barely miss something. Your headbutt misses something.
You hear some strange, mumbled words.
Something tries to affect you, but you resist.
You barely miss something. Something hits you.
You miss something.
You hear some strange, mumbled words.
A magic dart appears from out of thin air!
The magic dart hits you! Something hits you but does no damage.
You feel very mighty all of a sudden.
You closely miss something. Something completely misses you.
You miss something. You headbutt something! Something hits you!
You barely miss something. Something hits you but does no damage.
You barely miss something. Something hits you.
* * * LOW HITPOINT WARNING * * *
You completely miss something. You headbutt something! Something hits you!
* * * LOW HITPOINT WARNING * * *
Unknown command.
You miss something. Something hits you!
You die...

# #...#
#....#Z....©..Z..#
# #.#.#
####.#..##.. #
#.#.# #....#W.# .
# #.#.# #.##.#..#
#.#.# #>##.#.....
#.#.##
#.##.#....$?
#....#
#.##.#######
###..#
#.##.......© #og#
#@########.. #).#
#{# #o.#


bg. ...# >.... ##.# ..#.... .# #......## .# #.#.#.## .. . .# You could see a
goblin and a bat.

Vanquished Creatures
  A scorpion (D:3)
  An orc priest (D:3)
  Ijyb (D:3)
  4 gnolls (D:2)
  An adder (D:2)
  A worm (D:3)
  A dart slug (D:2)
  4 leopard geckos
  9 orcs (D:3)
  A ball python (D:1)
  2 giant cockroaches
  9 hobgoblins
  2 kobolds
  4 quokkas
  5 bats
  3 frilled lizards
  5 goblins
  A quokka skeleton (D:2)
  9 rats
64 creatures vanquished.

Vanquished Creatures (others)
  An orc (D:3)
1 creature vanquished.

Grand Total: 65 creatures vanquished

Notes
Turn   | Place    | Note
-------+----------+-------------------------------------------
     0 | D:1      | diana the Minotaur Fighter began the quest for the Orb.
     0 | D:1      | Reached XP level 1. HP: 19/19 MP: 0/0
   225 | D:1      | Reached XP level 2. HP: 26/27 MP: 1/1
   384 | D:1      | Reached skill level 4 in Shields
   757 | D:2      | Reached skill level 1 in Dodging
   757 | D:2      | Reached XP level 3. HP: 25/33 MP: 2/2
   761 | D:2      | HP: 1/33 [gnoll/+0 spear (5)]
  1131 | D:2      | Reached XP level 4. HP: 37/40 MP: 3/3
  1431 | D:3      | Found a transporter.
  1490 | D:3      | Noticed grocchini's ghost (amateur FeNe)
  1501 | D:3      | Found a transporter.
  1532 | D:3      | Reached XP level 5. HP: 35/46 MP: 4/4
  1646 | D:3      | Reached skill level 5 in Shields
  1737 | D:3      | Noticed Ijyb
  2318 | D:3      | Killed Ijyb
  2561 | D:3      | Noticed Sigmund
  2575 | D:3      | Mangled by Sigmund

Skill      XL: |  1  2  3  4  5 |
---------------+----------------+-----
Shields        | 4 5 |  5.2
Axes           | 3 4 |  4.3
Dodging        | 1 2 |  2.1
Fighting       | 4 |  4.4
Armour         | 4 |  4.4

Action                   |  1- 3 |  4- 6 || total
-------------------------+-------+-------++-------
Melee: War axe           |    61 |    90 ||   151
       Headbutt          |    10 |    17 ||    27
  Use: Scroll            |       |     1 ||     1
       Potion            |       |     1 ||     1
  Eat: Chunk             |     4 |     4 ||     8
Armor: Scale mail        |    25 |    20 ||    45
Dodge: Dodged            |    22 |    25 ||    47
Block: Shield            |    33 |    47 ||    80
